 Dungeon Crawl Stone Soup version 0.25-a0-578-gc91f01c39c (webtiles) character file.

Game seed: 9913058535321489798, levelgen mode: deterministic

25 Gargoyl the Skirmisher (level 2, -1/18 HPs)
             Began as a Centaur Abyssal Knight on Mar 4, 2020.
             Was a Follower of Lugonu.
             Slain by a thrashing horror (13 damage)
             ... on level 2 of the Abyss.
             The game lasted 00:01:30 (231 turns).

Gargoyl the Skirmisher (Centaur Abyssal Knight)      Turns: 231, Time: 00:01:30

Health: -1/18      AC:  4    Str: 10    XL:     2   Next: 86%
Magic:  2/2        EV:  8    Int:  7    God:    Lugonu [*.....]
Gold:   19         SH:  0    Dex:  4    Spells: 1/1 levels left

rFire    . . .     SeeInvis .   a - +1 hand axe
rCold    . . .     Gourm    .   (no shield)
rNeg     . . .     Faith    .   b - +0 leather armour
rPois    .         Spirit   .   (no helmet)
rElec    .         Reflect  .   (no cloak)
rCorr    .         Harm     .   (no gloves)
MR       .....                  (no barding)
Stlth    ..........             (no amulet)
HPRegen  0.06/turn              (no ring)
MPRegen  0.08/turn              (no ring)

@: very quick
A: large, hooves 3, [clumsy 2], deformed body, [deterioration 2], [dopey 2],
speed 2, [frail 3], [low mp 2], [screaming 2], tough skin 3, [weak 2], [no
potion heal 2], [subdued magic 3]
a: Depart the Abyss, Renounce Religion


You were on level 2 of the Abyss.
You worshipped Lugonu.
Lugonu was aware of your devotion.
You were not hungry.

You visited 0 branches of the dungeon, and saw 0 of its levels.
You visited the Abyss 1 time.

You collected 19 gold pieces.

Inventory:

Hand Weapons
 a - a +1 hand axe (weapon)
Armour
 b - a +0 leather armour (worn)
Comestibles
 c - a ration


   Skills:
 + Level 3.7 Fighting
 + Level 2.0 Axes
 + Level 1.6 Armour
 + Level 0.6 Dodging
 + Level 2.2 Invocations


You had one spell level left.
You didn't know any spells.
Your spell library was empty.

Dungeon Overview and Level Annotations

Branches:
Dungeon (0/15)

Altars:


Innate Abilities, Weirdness & Mutations

You have hooves in place of feet.
Armour fits poorly on your strangely shaped body.
You cover ground very quickly.
You have extremely tough skin. (AC +3)
[You are very clumsy. (Dex -4)]
[Your body often deteriorates upon taking damage.]
[You are very dopey. (Int -4)]
[You are extremely frail. (-30% HP)]
[Your magical capacity is very low. (-20% MP)]
[You sometimes yell uncontrollably at your foes.]
[You are very weak. (Str -4)]
[Potions are poor at restoring your health.]
[Your spells are much easier to cast, but much less powerful.]


Message History

The thrashing horror tramples your thrashing horror!
Your thrashing horror holds its ground!
The thrashing horror tramples your thrashing horror but does no damage.
Your insubstantial wisp dissolves into shadows!
Your thrashing horror tramples the thrashing horror!
The thrashing horror holds its ground!
Your thrashing horror tramples the thrashing horror but does no damage.
The thrashing horror tramples your thrashing horror!
Your thrashing horror stumbles backwards!
Your thrashing horror is destroyed!
The ynoxinul gestures.
The wretched star pulses with an eldritch light!
Your system partially rejects the healing effects of potions.
Your system mostly rejects the healing effects of potions.
You closely miss the thrashing horror.
The thrashing horror roars!
The thrashing horror is severely damaged.
The thrashing horror tramples you!
Ouch! That really hurt!
You die...

#..###3# ≈ ≈.
### #
5*#.###≈≈ ##.
.∩###..#.. .
#. #
#..#5...# #
#.##....##3.#
≈. ..#
.###*..### ≈.
. #
#..5#.##.#
#.#X#§...#
##@....#.≈
#..#..# ≈
.#....# #.
#..#.# ##
##...# #.#.
..# ..


You could see a wretched star, a thrashing horror, a ynoxinul and 2 ufetubi.

Vanquished Creatures (collateral kills)
  A small abomination (Abyss:2)
1 creature vanquished.

Notes
Turn   | Place    | Note
-------+----------+-------------------------------------------
     0 | Abyss:1  | Gargoyl the Centaur Abyssal Knight began the quest for the
                  | Orb.
     0 | Abyss:1  | Reached XP level 1. HP: 19/19 MP: 2/2
    52 | Abyss:1  | Noticed a small abomination
    52 | Abyss:1  | Noticed a chaos spawn
    52 | Abyss:1  | Noticed a large abomination
   161 | Abyss:2  | Noticed a starcursed mass
   174 | Abyss:2  | Noticed a wretched star
   188 | Abyss:2  | Noticed a small abomination
   190 | Abyss:2  | Noticed a ynoxinul
   201 | Abyss:2  | Noticed a small abomination
   216 | Abyss:2  | Noticed a thrashing horror
   219 | Abyss:2  | Killed a small abomination
   219 | Abyss:2  | Reached XP level 2. HP: 11/21 MP: 2/2
   231 | Abyss:2  | Slain by a thrashing horror

Levels and vault maps discovered:
Abyss:2:  hangedman_abyss_or_decor_slice, guppyfry_abyss_exit_glass_guarded

Skill      XL: |  1 |
---------------+----+-----
Axes           | 2 |  2.0
Fighting       | |  3.7
Armour         | |  1.6
Dodging        | |  0.6
Invocations    | |  2.2

Action                   || total
-------------------------++-------
Melee: Hand axe          ||     1
  Use: Scroll            ||     1
       Potion            ||     1

Table legend:
 A = Non-vault XP
 B = Vault XP
 C = Vault XP percentage of total XP
 D = Non-vault monster count
 E = Vault monster count
 F = Vault count percentage of total count
                 A         B        C        D         E       F
            +---------+---------+-------+---------+---------+-------
      Total |      37 |       0 |   0.0 |       1 |       0 |   0.0
            +---------+---------+-------+---------+---------+-------
    Abyss:2 |      37 |       0 |   0.0 |       1 |       0 |   0.0
            +---------+---------+-------+---------+---------+-------
